Map: Arctic Gates

Players

nullone - Winner!

  • Race: Zerg Zerg
  • Spawn Location: 3:00

Enceladus - Winner!

  • Race: Protoss Protoss
  • League: Gold
  • Spawn Location: 0:00

Jeval

  • Race: Terran Terran
  • Spawn Location: 0:00

ILIEKEGGPIE

  • Race: Protoss Protoss
  • League: Platinum
  • Spawn Location: 9:00

VOD

Have the link to the VOD?

Description

Time

  • Played on: April 27, 2018, 11:10 a.m.
  • Length: 15:40
Show
View Real Time Build Order
Export as new Build Order

nullone Zerg - Winner!

Build Orders: Hatch First, Lurkers 

Get SALT Encoding   

  12  0:01  Drone  
  13  0:10  Drone  
  14  0:17  Overlord  
  14  0:36  Drone  
  14  0:37  Drone x2  
  17  0:58  Hatchery, Drone  
  17  1:01  Drone  
  18  1:10  Drone  
  19  1:22  Drone  
  19  1:24  Spawning Pool, Extractor  
  18  1:35  Drone  
  19  1:42  Drone  
  20  1:54  Drone  
  21  2:02  Drone  
  22  2:14  Hatchery  
  21  2:19  Queen  
  21  2:21  Drone x3  
  26  2:26  Queen  
  28  2:33  Overlord  
  28  2:40  Spore Crawler  
  28  2:44  Drone  
  28  2:52  Drone  
  28  2:53  Drone x2  
  28  2:54  Drone  
  32  3:00  Drone  
  33  3:10  Lair, Extractor  
  33  3:11  Drone  
  33  3:13  Metabolic Boost  
  33  3:17  Drone  
  34  3:20  Spore Crawler  
  34  3:26  Queen  
  33  3:28  Drone  
  33  3:30  Drone  
  37  3:34  Drone x2  
  37  3:36  Drone  
  37  3:39  Drone  
  41  3:46  Drone  
  42  3:49  Overlord  
  42  3:50  Overlord  
  42  4:08  Drone x2  
  42  4:09  Drone x2  
  46  4:13  Hydralisk Den  
  45  4:20  Extractor  
  44  4:26  Spore Crawler  
  44  4:27  Drone x3  
  46  4:37  Overlord x2  
  46  4:40  Drone x3  
  46  4:42  Hydralisk x4  
  57  4:49  Drone  
  58  4:58  Evolution Chamber  
  57  5:04  Drone x3  
  57  5:05  Drone, Hydralisk x5  
  71  5:11  Hydralisk  
  73  5:19  Drone  
  74  5:21  Extractor  
  73  5:29  Drone  
  73  5:31  Extractor  
  73  5:33  Extractor  
  72  5:44  Zerg Ground Armor Level 1  
  72  5:45  Grooved Spines  
  72  5:51  Evolution Chamber, Drone x3  
  74  5:57  Overlord x3  
  74  6:11  Overlord x2  
  74  6:22  Hydralisk x7  
  74  6:23  Hydralisk  
  90  6:25  Overlord  
  90  6:34  Infestation Pit  
  90  6:35  Drone x2  
  90  6:36  Drone x2  
  90  6:39  Drone x3  
  96  6:45  Hydralisk x3  
  102  6:55  Zerg Missile Weapons Level 1  
  102  7:05  Overlord x2  
  102  7:11  Hive  
  102  7:20  Hydralisk x3  
  102  7:21  Hydralisk x3  
  114  7:23  Drone x2  
  116  7:35  Hatchery  
  115  7:41  Zerg Ground Armor Level 2  
  117  7:51  Drone x3  
  118  8:06  Hydralisk x4  
  118  8:07  Hydralisk x4  
  134  8:28  Spire  
  134  8:32  Lurker Den  
  134  8:33  Extractor  
  131  8:35  Overseer, Extractor  
  130  8:54  Drone x3  
  133  8:56  Overlord x3  
  133  8:57  Overlord, Drone  
  133  8:58  Drone  
  135  9:12  Drone  
  136  9:18  Hydralisk x4  
  136  9:19  Hydralisk x7  
  158  9:29  Overseer x2  
  158  9:34  Zerg Missile Weapons Level 2  
  158  9:45  Muscular Augments  
  158  9:53  Drone x3  
  161  10:01  Overlord x4  
  161  10:21  Drone x2  
  163  10:25  Adaptive Talons  
  163  10:30  Hatchery  
  163  10:31  Pneumatized Carapace  
  163  10:34  Burrow  
  162  10:37  Adrenal Glands  
  162  10:40  Hatchery, Pathogen Glands  
  137  11:04  Lurker x4  
  137  11:05  Lurker x2  
  137  11:07  Zergling x2  
  137  11:08  Zergling x2  
  137  11:09  Zergling x16  
  137  11:10  Zergling x14  
  137  11:11  Zergling x8  
  164  11:21  Spine Crawler  
  164  11:22  Spine Crawler  
  164  11:23  Spine Crawler  
  164  11:24  Spine Crawler x2  
  159  12:03  Neural Parasite  
  159  12:05  Zerg Ground Armor Level 3  
  159  12:06  Zerg Missile Weapons Level 3  
  150  12:28  Drone x3  
  153  12:35  Drone x3, Ultralisk Cavern  
  115  13:26  Ultralisk x4  
  115  13:27  Ultralisk x7  
  180  14:05  Chitinous Plating  
  172  14:44  Zergling x2  
  173  14:47  Drone x3  
  136  15:29  Spine Crawler  
  136  15:32  Spine Crawler x3  
  136  15:34  Spine Crawler  
Show
View Real Time Build Order
Export as new Build Order

Enceladus Protoss - Winner!

Build Orders:  

Get SALT Encoding   

  12  0:02  Probe  
  14  0:14  Probe  
  14  0:25  Pylon  
  14  0:26  Probe  
  15  0:39  Probe  
  15  0:47  Probe  
  17  0:57  Probe  
  18  1:09  Probe  
  19  1:19  Nexus  
  19  1:21  Probe  
  20  1:28  Forge  
  20  1:30  Probe  
  20  1:38  Probe  
  22  1:47  Probe  
  23  1:55  Pylon  
  23  2:05  Photon Cannon  
  23  2:07  Pylon  
  23  2:08  Pylon  
  23  2:13  Probe  
  24  2:24  Gateway  
  24  2:29  Pylon  
  24  2:34  Probe  
  24  2:35  Photon Cannon  
  24  2:42  Probe  
  25  2:47  Assimilator  
  26  2:51  Probe  
  26  2:52  Probe  
  26  2:55  Assimilator  
  28  2:59  Probe  
  29  3:09  Probe  
  30  3:21  Probe  
  30  3:23  Cybernetics Core  
  30  3:25  Probe  
  30  3:26  Photon Cannon  
  32  3:33  Probe x2  
  33  3:40  Zealot  
  36  3:42  Probe  
  36  3:43  Warp Gate  
  36  3:45  Probe  
  38  3:50  Gateway  
  38  3:53  Gateway, Probe  
  39  3:59  Gateway  
  39  4:02  Pylon  
  39  4:05  Probe  
  40  4:12  Stargate  
  40  4:14  Assimilator  
  40  4:16  Assimilator  
  40  4:17  Probe  
  41  4:27  Stalker  
  41  4:28  Probe  
  44  4:37  Probe  
  44  4:45  Probe  
  46  4:52  Nexus  
  46  4:54  Pylon  
  46  4:55  Phoenix, Probe  
  46  4:57  Stalker  
  51  5:08  Probe  
  52  5:20  Phoenix  
  54  5:27  Pylon  
  54  5:31  Pylon  
  54  5:33  Pylon  
  54  5:34  Probe  
  54  5:36  Twilight Council  
  54  5:37  Forge  
  54  5:39  Pylon  
  55  5:42  Probe  
  55  5:45  Phoenix  
  58  5:52  Probe  
  59  5:58  Robotics Facility  
  59  6:00  Pylon  
  59  6:04  Probe  
  59  6:05  Stargate  
  59  6:09  Gateway  
  59  6:10  Phoenix  
  62  6:13  Gateway  
  62  6:16  Probe  
  63  6:22  Nexus  
  63  6:24  Pylon  
  63  6:34  Stargate  
  63  6:36  Protoss Ground Weapons Level 1  
  63  6:37  Protoss Ground Armor Level 1  
  63  6:39  Stargate  
  63  6:45  Dark Shrine  
  63  6:50  Phoenix  
  63  6:52  Probe  
  65  6:55  Assimilator  
  65  6:56  Assimilator  
  65  6:58  Probe  
  65  7:00  Probe  
  67  7:08  Probe  
  68  7:10  Probe  
  70  7:16  Stalker, Probe  
  70  7:17  Stalker x3  
  70  7:21  Zealot  
  82  7:22  Probe  
  82  7:24  Phoenix  
  82  7:27  Probe  
  85  7:31  Void Ray  
  85  7:35  Blink, Probe  
  85  7:36  Probe  
  90  7:39  Probe  
  90  7:44  Probe  
  93  7:52  Void Ray, Probe  
  93  7:53  Probe  
  93  7:58  Void Ray  
  103  8:01  Dark Templar  
  103  8:04  Probe  
  106  8:05  Probe  
  107  8:16  Cybernetics Core, Probe  
  107  8:18  Probe  
  107  8:19  Photon Cannon  
  109  8:21  Photon Cannon  
  109  8:24  Photon Cannon  
  109  8:26  Photon Cannon  
  109  8:28  Probe, Photon Cannon  
  109  8:33  Photon Cannon  
  110  8:36  Pylon  
  110  8:38  Probe  
  110  8:39  Nexus  
  110  8:42  Assimilator x2  
  110  8:46  Probe  
  111  8:48  Protoss Ground Weapons Level 2  
  111  8:52  Protoss Ground Armor Level 2  
  111  8:55  Protoss Air Weapons Level 1, Probe  
  112  8:57  Robotics Facility, Pylon  
  112  8:58  Protoss Air Armor Level 1  
  112  9:00  Pylon  
  113  9:08  Probe  
  114  9:20  Probe  
  115  9:25  Phoenix x4  
  123  9:32  Probe  
  124  9:43  Observer  
  124  9:44  Probe  
  126  9:46  Immortal  
  126  9:50  Phoenix, Void Ray x2  
  140  9:54  Charge  
  140  9:56  Probe, Robotics Bay  
  140  9:59  Pylon  
  141  10:05  Pylon  
  141  10:08  Pylon  
  141  10:09  Pylon  
  141  10:17  Void Ray  
  141  10:18  Void Ray  
  149  10:27  Fleet Beacon  
  149  10:33  Void Ray  
  153  10:36  Photon Cannon  
  153  10:38  Photon Cannon x2  
  153  10:40  Photon Cannon  
  153  10:41  Photon Cannon x2  
  153  10:44  Photon Cannon  
  153  11:03  Zealot x2  
  155  11:07  Zealot  
  155  11:10  Zealot  
  156  11:19  Nexus  
  156  11:20  Dark Templar x2  
  152  11:57  Zealot x3  
  152  11:58  Zealot x3  
  164  12:02  Colossus  
  164  12:03  Colossus  
  164  12:05  Extended Thermal Lance  
  176  12:26  Zealot x2  
  180  12:33  Pylon  
  180  12:34  Pylon  
  180  12:37  Pylon x2  
  180  12:38  Protoss Ground Weapons Level 3  
  180  12:40  Protoss Ground Armor Level 3  
  180  12:44  Protoss Air Weapons Level 2  
  180  12:50  Protoss Air Armor Level 2  
  174  13:46  Observer Gravitic Boosters  
  174  13:54  Dark Templar x4  
  174  13:55  Dark Templar x2  
  156  14:28  Zealot  
  156  14:29  Zealot x5  
  168  14:35  Assimilator  
  168  14:37  Assimilator  
  168  14:49  Assimilator  
  168  14:50  Assimilator  
  168  14:53  Zealot x6  
  180  15:09  Pylon  
  180  15:12  Pylon  
  180  15:14  Pylon x2  
  180  15:15  Zealot x3, Pylon, Nexus  
  180  15:16  Zealot x3  
  180  15:18  Pylon  
Show
View Real Time Build Order
Export as new Build Order

Jeval Terran 

Build Orders: MMM Bio 

Get SALT Encoding   

  12  0:02  SCV  
  13  0:15  SCV  
  14  0:31  SCV  
  14  0:33  Supply Depot  
  15  0:54  SCV  
  16  1:06  Barracks  
  16  1:08  SCV  
  17  1:14  Refinery  
  17  1:20  SCV  
  18  1:32  SCV  
  19  1:37  Barracks  
  19  1:44  SCV  
  20  2:08  Marine  
  21  2:19  Orbital Command  
  21  2:23  Refinery  
  21  2:32  Marine  
  21  2:36  Barracks Reactor  
  22  2:38  Barracks  
  22  2:41  Supply Depot  
  22  2:44  Supply Depot  
  22  2:52  Marine  
  23  3:05  SCV  
  24  3:12  Marine  
  25  3:17  SCV  
  26  3:23  Marine  
  26  3:24  Marine  
  28  3:27  Barracks Tech Lab  
  28  3:32  Barracks Reactor  
  28  3:38  SCV  
  29  3:50  SCV  
  29  3:52  Command Center  
  30  3:56  Marauder  
  30  3:57  Combat Shields  
  30  4:02  SCV  
  33  4:10  Factory  
  33  4:14  SCV  
  33  4:15  Marine  
  33  4:16  Marine x3  
  38  4:26  Marauder, Supply Depot  
  38  4:28  Supply Depot  
  40  4:44  SCV  
  41  4:55  Supply Depot  
  41  4:56  Supply Depot, SCV  
  42  5:11  Orbital Command  
  42  5:14  SCV  
  42  5:19  Factory Tech Lab  
  43  5:25  Starport  
  43  5:26  SCV  
  44  5:33  Barracks  
  44  5:37  SCV  
  44  5:38  Barracks  
  44  5:39  SCV  
  46  5:49  SCV  
  47  5:51  SCV  
  48  6:00  Stimpack  
  48  6:02  Siege Tank  
  48  6:03  Starport Reactor  
  51  6:08  SCV x2  
  53  6:14  Refinery  
  53  6:18  Refinery  
  53  6:35  Barracks Reactor, Siege Tank  
  53  6:36  Barracks Reactor  
  53  6:39  Marine x2  
  59  6:40  Engineering Bay, Marauder, Marine x2  
  59  6:43  Medivac x2  
  66  6:48  SCV x2  
  68  7:08  Terran Infantry Weapons Level 1, Supply Depot  
  68  7:12  Missile Turret  
  68  7:18  Missile Turret  
  68  7:32  SCV x2  
  68  7:35  Missile Turret  
  70  7:38  Marine x7, Missile Turret  
  70  7:40  Marauder  
  70  7:41  Marine  
  80  7:44  SCV x2  
  82  7:55  Siege Tank  
  82  7:56  SCV x2  
  82  7:57  Medivac x2  
  91  8:01  Concussive Shells  
  91  8:08  SCV  
  92  8:14  Factory  
  92  8:18  Marauder, Marine x3, Factory  
  92  8:19  Marine x3  
  100  8:25  Missile Turret  
  100  8:35  Medivac  
  102  9:10  Supply Depot  
  102  9:12  Supply Depot  
  102  9:14  Command Center  
  102  9:17  Missile Turret  
  102  9:29  Barracks Reactor  
  102  9:31  Medivac  
  102  9:32  Siege Tank  
  102  9:33  Supply Depot  
  102  9:36  Supply Depot  
  107  9:38  Missile Turret  
  107  9:53  SCV x2  
  107  9:57  Supply Depot  
  107  9:58  Supply Depot  
  109  10:00  Missile Turret  
  109  10:05  Factory Tech Lab x2, SCV x2  
  111  10:16  Marine  
  111  10:17  Marine x8  
  120  10:22  Missile Turret  
  120  10:51  Starport  
  120  10:54  Starport  
  117  10:57  Terran Infantry Armor Level 1  
  117  11:31  Missile Turret  
  117  11:35  Missile Turret  
  117  11:42  Liberator x2  
  117  11:43  Starport Reactor x2  
  117  11:53  Marine x4  
  117  11:54  Marine x2  
  122  11:55  Marauder, Marine x2  
  122  11:57  Cyclone x2  
  122  11:58  Cyclone  
  138  12:40  Liberator  
  138  12:41  Liberator x2  
  138  12:43  Liberator, Sensor Tower  
  138  12:50  Sensor Tower  
  138  12:51  Building Armor  
  145  12:59  Medivac x2  
  145  13:00  Supply Depot  
  145  13:02  Supply Depot  
  145  13:04  Supply Depot  
  124  13:11  Marine  
  124  13:12  Marine x8  
  107  13:23  Supply Depot  
  103  13:28  Supply Depot x2  
  103  13:29  Marine  
  103  13:30  Marine x8  
  112  13:47  Marine  
  110  13:55  Siege Tank x3  
Show
View Real Time Build Order
Export as new Build Order

ILIEKEGGPIE Protoss 

Build Orders: Double Forge 

Get SALT Encoding   

  12  0:03  Probe  
  13  0:15  Probe  
  14  0:21  Pylon  
  14  0:28  Probe  
  15  0:36  Probe  
  16  0:44  Probe  
  16  0:46  Gateway  
  17  0:53  Gateway  
  17  0:54  Probe  
  18  0:59  Assimilator  
  18  1:08  Gateway  
  18  1:12  Probe  
  19  1:24  Pylon, Probe  
  19  1:32  Probe  
  21  1:42  Assimilator  
  21  1:46  Cybernetics Core  
  21  2:06  Forge  
  21  2:08  Probe  
  22  2:20  Probe  
  22  2:22  Stalker  
  23  2:29  Warp Gate  
  23  2:31  Stalker  
  27  2:55  Stargate  
  27  3:01  Stalker  
  29  3:18  Protoss Ground Weapons Level 1  
  29  3:25  Probe  
  30  3:28  Nexus  
  30  3:36  Pylon  
  30  3:54  Stalker  
  32  3:57  Probe  
  32  4:00  Oracle  
  36  4:08  Pylon  
  36  4:18  Twilight Council, Probe  
  39  4:30  Probe  
  38  4:42  Probe  
  38  4:45  Probe  
  40  4:47  Forge  
  40  4:54  Probe  
  40  4:56  Probe  
  42  5:04  Probe  
  42  5:06  Probe  
  43  5:10  Phoenix  
  43  5:12  Probe  
  46  5:14  Stalker  
  46  5:16  Stalker  
  46  5:18  Probe  
  52  5:24  Probe  
  52  5:25  Protoss Ground Armor Level 1  
  50  5:30  Probe  
  50  5:31  Robotics Facility  
  51  5:36  Probe  
  52  5:42  Probe  
  52  5:48  Probe  
  54  5:53  Assimilator  
  54  5:55  Probe  
  54  5:56  Assimilator  
  55  6:00  Probe  
  56  6:07  Probe  
  55  6:12  Probe  
  55  6:16  Gateway x2  
  56  6:29  Protoss Ground Weapons Level 2  
  56  6:40  Robotics Bay  
  56  6:43  Pylon  
  56  6:47  Charge  
  56  7:00  Robotics Facility  
  56  7:08  Gateway  
  56  7:11  Gateway  
  56  7:14  Protoss Ground Armor Level 2, Gateway  
  56  7:20  Pylon  
  56  7:21  Pylon  
  56  7:23  Pylon  
  56  7:24  Colossus  
  56  7:25  Pylon  
  62  7:30  Extended Thermal Lance  
  62  7:38  Colossus  
  62  7:42  Nexus  
  68  7:53  Pylon  
  68  7:55  Pylon  
  68  8:17  Zealot x5  
  78  8:29  Colossus  
  84  8:40  Protoss Ground Weapons Level 3  
  84  8:51  Templar Archives  
  84  9:27  Templar Archives  
  84  9:31  Zealot  
  84  9:32  Zealot x4  
  84  9:33  Stalker  
  84  9:35  Protoss Ground Armor Level 3  
  96  9:46  Colossus  
  96  9:52  Probe x3  
  105  10:12  Assimilator  
  105  10:14  Assimilator  
  105  10:25  High Templar x3  
  105  10:26  Zealot x3  
  117  10:31  Probe x2  
  117  10:51  Psionic Storm  
  103  11:34  Stalker x3  
  103  11:35  Stalker x3  
  114  11:51  Observer  
  114  11:57  Nexus  
  114  12:32  Stalker x2  
  118  12:45  Pylon  
  118  12:48  Pylon  
  118  12:55  Pylon  
  118  12:56  Pylon  
  118  13:06  Pylon  
  105  13:17  Zealot x4  
  105  13:18  Zealot x2  
  104  13:45  Photon Cannon  
  88  14:23  Photon Cannon  
  88  14:28  Photon Cannon  
  88  14:30  Immortal  
  88  14:31  Photon Cannon  
  88  14:43  Zealot x4  
  100  14:47  Gateway  
  100  14:51  Gateway  
  90  15:08  High Templar x5  
  90  15:09  High Templar  
Tags
 
Add a new tag
Caveats
  • Supply blocks, unpowered buildings, or Contaminate may cause inaccurate times.
  • Supply counts are checked every 10 seconds.